Map: Ice and Chrome LE

Players

EnDerr

  • Race: Zerg Zerg
  • League: Master
  • Spawn Location: 7:00

RiSky - Winner!

  • Race: Zerg Zerg
  • Spawn Location: 1:00

Event: DreamHack SC2 Masters 2020 Fall

VOD

Have the link to the VOD?

Description

Time

  • Played on: Aug. 26, 2020, 7:10 a.m.
  • Length: 5:43

All games in this series

Show
View Real Time Build Order
Export as new Build Order

EnDerr Zerg 

Build Orders: Hatch First 

Get SALT Encoding   

  12  0:00  Drone  
  13  0:12  Overlord  
  13  0:17  Drone  
  14  0:30  Drone x2  
  16  0:48  Hatchery  
  15  0:50  Drone  
  15  0:54  Drone  
  17  0:57  Drone  
  17  0:59  Extractor  
  17  1:13  Spawning Pool  
  17  1:16  Drone  
  17  1:20  Drone  
  18  1:28  Drone  
  19  1:42  Drone  
  20  1:50  Drone  
  21  2:00  Queen x2  
  21  2:01  Drone x2  
  27  2:05  Metabolic Boost  
  27  2:12  Overlord  
  27  2:16  Drone  
  28  2:31  Zergling x2  
  29  2:37  Hatchery  
  29  2:40  Zergling x4  
  30  2:45  Zergling x4  
  32  2:51  Overlord  
  32  2:56  Zergling x4  
  34  3:05  Zergling x4  
  35  3:10  Zergling x4  
  38  3:15  Zergling x4  
  38  3:18  Zergling x4  
  42  3:30  Drone x2  
  42  3:32  Roach Warren  
  43  3:35  Drone  
  43  3:40  Overlord  
  44  3:43  Drone  
  44  3:47  Drone  
  43  4:00  Overlord x2  
  43  4:05  Queen  
  45  4:20  Roach  
  45  4:21  Roach x4  
  45  4:23  Roach  
  54  4:30  Drone  
  54  4:31  Drone  
  56  4:37  Roach x2  
  56  4:38  Roach  
  61  4:40  Roach  
  63  4:52  Evolution Chamber  
  63  4:53  Drone x4  
  63  4:54  Drone  
  67  5:04  Drone x5  
  72  5:13  Overlord  
  71  5:20  Zergling x2  
  71  5:21  Zergling x8  
  73  5:24  Zergling x2  
Show
View Real Time Build Order
Export as new Build Order

RiSky Zerg - Winner!

Build Orders: Hatch First 

Get SALT Encoding   

  12  0:00  Drone  
  13  0:12  Overlord  
  13  0:17  Drone  
  14  0:30  Drone x2  
  16  0:47  Hatchery  
  15  0:51  Drone  
  15  0:54  Drone  
  17  0:57  Drone  
  18  1:08  Extractor  
  17  1:13  Spawning Pool  
  17  1:16  Drone  
  17  1:19  Drone  
  18  1:28  Drone  
  19  1:39  Drone  
  20  1:50  Drone  
  21  1:59  Overlord  
  21  2:00  Queen x2  
  26  2:01  Zergling x2  
  26  2:08  Metabolic Boost  
  26  2:12  Drone x2  
  28  2:21  Drone  
  28  2:22  Drone  
  30  2:32  Hatchery  
  30  2:35  Drone  
  30  2:38  Drone  
  30  2:43  Drone  
  32  2:46  Baneling Nest  
  32  2:48  Drone  
  32  2:52  Overlord  
  32  2:54  Drone  
  32  3:10  Drone  
  32  3:12  Zergling x14  
  41  3:20  Zergling x2  
  41  3:21  Queen  
  41  3:24  Overlord  
  43  3:30  Baneling x4  
  43  3:31  Zergling x2  
  44  3:35  Baneling  
  44  3:44  Zergling x10  
  48  3:51  Drone  
  48  3:53  Drone  
  50  3:55  Drone, Evolution Chamber  
  50  3:56  Drone  
  50  3:57  Drone x2  
  50  4:00  Drone  
  54  4:07  Drone  
  55  4:12  Drone  
  53  4:20  Drone  
  53  4:21  Queen, Zergling x4  
  56  4:26  Zergling x2  
  56  4:28  Roach Warren  
  56  4:30  Overlord  
  56  4:35  Overlord  
  56  4:36  Extractor  
  56  4:38  Drone x3, Extractor  
  56  4:41  Overlord  
  57  4:49  Zergling x14  
  63  4:59  Spine Crawler, Zergling x6  
  65  5:00  Spine Crawler  
  64  5:09  Roach  
  64  5:10  Roach x3  
  72  5:15  Roach x2  
  72  5:16  Baneling x2  
  72  5:19  Roach  
  77  5:24  Zergling x2  
  77  5:25  Zergling x4  

Tags
 
Add a new tag
Caveats
  • Supply blocks, unpowered buildings, or Contaminate may cause inaccurate times.
  • Supply counts are checked every 10 seconds.